 Dungeon Crawl Stone Soup version 0.31-a0-1522-g43313d8a59 (webtiles) character file.

Game seed: 11896353753408412326

51 AstroCodex24 the Trooper (level 3, -1/27 (29) HPs)
             Began as a Vampire Fighter on Dec 30, 2023.
             Slain by a hobgoblin (6 damage)
             ... on level 4 of the Dungeon.
             The game lasted 00:01:50 (287 turns).

AstroCodex24 the Trooper (Vampire Fighter)           Turns: 287, Time: 00:01:51

HP:   -1/27 (29)    AC:  6    Str: 17    XL:     3   Next: 58%
MP:   3/3           EV:  9    Int: 10    God:
Gold: 41            SH:  4    Dex: 13    Spells: 2/2 levels left

rFire   . . .        a - +0 war axe
rCold   . . .        c - +0 buckler
rNeg    . . .        b - +0 scale mail
rPois   .            (no helmet)
rElec   .            (no cloak)
rCorr   .            (no gloves)
SInv    +            (no boots)
Will    .....        (no amulet) Stlth
                     (no ring)
HPRegen 0.44/turn    (no ring)
MPRegen 0.08/turn

%: no passive effects
@: healing quickly, drained
A: alive, fangs 3, see invisible, vampiric 2
a: Exsanguinate


You were on level 4 of the Dungeon.
You visited 1 branch of the dungeon, and saw 4 of its levels.

You collected 41 gold pieces.

Inventory:

Hand Weapons
 a - a +0 war axe (weapon)
Armour
 b - a +0 scale mail (worn)
 c - a +0 buckler (worn)
Wands
 d - a wand of polymorph (12)
Potions
 e - a potion of berserk rage {unknown}
 f - a potion of lignification {unknown}


   Skills:
 + Level 3.2 Fighting
 + Level 2.0 Axes
 + Level 2.8 Armour
 + Level 0.9 Dodging
 + Level 3.1 Shields
 + Level 0.1 Unarmed Combat


You had 2 spell levels left.
You didn't know any spells.
Your spell library was empty.

Dungeon Overview and Level Annotations

Branches:
Dungeon (4/15)
 Temple: D:4-7

Altars:

Annotations:
D:3 Robin


Innate Abilities, Weirdness & Mutations

Your natural rate of healing is accelerated.
You have razor-sharp teeth.
You have supernaturally acute eyesight. (SInv)
You are afflicted with vampirism and can become a bat while bloodless.


Message History

You hear the hiss of flowing sand.
There is an entrance to an ossuary on this level.
Hurry and find it before the portal is buried!
There is a stone staircase leading up here.
You closely miss the goblin. x2; You barely miss the goblin.
The goblin completely misses you. You block the goblin's attack.
The goblin hits you but does no damage.
You miss the goblin. You closely miss the goblin. You hit the goblin.
The goblin hits you but does no damage. The goblin closely misses you.
The goblin barely misses you.
You barely miss the goblin. You closely miss the goblin.
You hit the goblin but do no damage. The goblin barely misses you.
The goblin closely misses you. The goblin hits you with a +0 club.
* * * LOW HITPOINT WARNING * * *
You block the goblin's attack. The goblin barely misses you.
The goblin hits you with a +0 dagger of draining.
* * * LOW HITPOINT WARNING * * *
You feel drained.
You closely miss the goblin. You bite the goblin.
The goblin is heavily wounded.
You hit the goblin.
You kill the goblin!
You slash the goblin!
You kill the goblin!
You block the goblin's attack.
You closely miss the goblin. You bite the goblin.
You kill the goblin!
You closely miss the goblin. You slash the goblin!
You kill the goblin!
The goblin hits you but does no damage.
The hobgoblin hits you but does no damage.
The goblin closely misses you.
You hit the hobgoblin.
The hobgoblin is lightly wounded.
You hit the goblin.
You kill the goblin!
The hobgoblin closely misses you.
You hit the hobgoblin.
The hobgoblin is heavily wounded.
The hobgoblin barely misses you. The hobgoblin hits you.
You die...

## ..
##.######
#...g@).#
#..##)#.#
# #..#.#
#.##.# #.
.# ## ##


You could see a hobgoblin (strong).

Vanquished Creatures
  Ijyb (D:3)
  An adder (D:2)
  A ball python (D:3)
  An endoplasm (D:2)
  10 goblins
  A kobold (D:4)
15 creatures vanquished.

Notes
Turn   | Place    | Note
-------+----------+-------------------------------------------
     0 | D:1      | AstroCodex24 the Vampire Fighter began the quest for the
                  | Orb.
     0 | D:1      | Reached XP level 1. HP: 17/17 MP: 1/1
    35 | D:2      | Reached XP level 2. HP: 3/23 MP: 2/2
   102 | D:3      | Noticed Ijyb
   179 | D:3      | Killed Ijyb
   180 | D:3      | Gained mutation: You are afflicted with vampirism and can
                  | become a bat while bloodless. [Vampire growth]
   180 | D:3      | Reached XP level 3. HP: 19/29 MP: 3/3
   260 | D:3      | Noticed Robin
   287 | D:4      | Slain by a hobgoblin

Illustrated notes

Levels and vault maps discovered:
D:1:      amcnicky_arrival_choice, layout_loops_ring,
          kennysheep_decorative_pillar
D:2:      layout_loops_corners, nicolae_ecumenical_lake_church
D:3:      layout_basic, uniq_grinder, uniq_sigmund, uniq_robin, uniq_ijyb
D:4:      layout_basic, kennysheep_mini_moat, minmay_temple_entry_antechambers,
          enter_ossuary_1, uniq_eustachio

Skill      XL: |  1  2 |
---------------+-------+-----
Fighting       | 3 |  3.2
Axes           | 2 |  2.0
Shields        | 3 |  3.1
Armour         | |  2.8
Dodging        | |  0.9
Unarmed Combat | |  0.1

Action                     || total
---------------------------++-------
  Melee: War axe           ||    34
         Unarmed           ||    24
         Bite              ||     4
    Use: Potion            ||     1
 Armour: Scale mail        ||    42
         Skin              ||    58
  Dodge: Dodged            ||    57
  Block: Buckler           ||    13

Table legend: (Time is in decaauts)
 A = Elapsed time spent in this place.
 B = Non-inter-level travel time spent in this place.
 C = Inter-level travel time spent in this place.
 D = Time resting spent in this place.
 E = Time spent auto-exploring this place.
 F = Levels seen in this place.
 G = Mean time per level.
                   A        B        C        D        E       F      G
               +--------+--------+--------+--------+--------+-----+--------+
         Total |    301 |    301 |      0 |      0 |      0 |   4 |   75.2 |
       Dungeon |    301 |    301 |      0 |      0 |      0 |   4 |   75.2 |
               +--------+--------+--------+--------+--------+-----+--------+

Top non-repeatable levels by time:
     D:3: 180 daAuts
     D:2: 90 daAuts
     D:4: 23 daAuts
     D:1: 6 daAuts
